 Dungeon Crawl Stone Soup version 0.31.0-11-ge490571c62 (webtiles) character file.

Game seed: 18055205836728585867

148 SnakkuSnakku7 the Caller (level 5, -5/45 HPs)
             Began as a Ghoul Summoner on Jan 26, 2024.
             Shot with an arrow by an orc (6 damage)
             ... on level 3 of the Dungeon.
             The game lasted 00:01:59 (1368 turns).

SnakkuSnakku7 the Caller (Ghoul Summoner)           Turns: 1368, Time: 00:01:59

Health: -5/45      AC:  2    Str: 14    XL:     5   Next: 30%
Magic:  7/7        EV: 12    Int: 14    God:
Gold:   152        SH:  0    Dex:  9    Spells: 6/7 levels left

rFire   . .          .
                       - Unarmed
rCold   + . .        (no shield)
rNeg    + + +        a - +0 robe
rPois   ∞            (no helmet)
rElec   .            (no cloak)
rCorr   .            (no gloves)
SInv    .            (no boots)
Will    .....        (no amulet)
Stlth   ++           (no ring)
HPRegen 0.00/turn    (no ring)
MPRegen 0.10/turn

%: no passive effects
@: inhibited regen, hasted, very quick
A: claws 1, cold resistance 1, negative energy resistance 3, inhibited
regeneration, torment resistance 2, devour on kill
a: no special abilities


You were on level 3 of the Dungeon.
You visited 1 branch of the dungeon, and saw 3 of its levels.

You collected 152 gold pieces.

Inventory:

Armour
 a - a +0 robe (worn)
Jewellery
 j - a +6 ring of dexterity
Wands
 q - a wand of iceblast (2)
Scrolls
 g - 4 scrolls of teleportation
 k - a scroll of revelation {unknown}
 l - a scroll of identify {unknown}
 o - a scroll of enchant weapon {unknown}
Potions
 b - a potion of magic
 c - a potion of lignification {unknown}
 d - a potion of degeneration {unknown}
 e - a potion of curing {unknown}
 f - a potion of ambrosia {unknown}
 h - 2 potions of attraction {unknown}
 i - a potion of brilliance {unknown}
 m - a potion of berserk rage {unknown}
 n - a potion of haste
 p - a potion of heal wounds {unknown}


   Skills:
 + Level 3.6 Fighting
 - Level 1.7 Dodging
 - Level 2.1 Stealth
 + Level 3.6 Unarmed Combat
 - Level 1.7 Spellcasting
 - Level 3.6 Summonings


You had 6 spell levels left.
You knew the following spells:

 Your Spells              Type           Power      Damage    Failure   Level
a - Summon Small Mammal   Summ           44%        N/A       5%          1

Your spell library contained the following spells:

 Spells                   Type           Power      Damage    Failure   Level
 Call Imp                 Summ           22%        N/A       9%          2
 Call Canine Familiar     Summ           11%        N/A       17%         3
 Summon Blazeheart Golem  Fire/Summ      6%         N/A       75%         4
 Summon Lightning Spire   Summ/Air       6%         N/A       75%         4


Dungeon Overview and Level Annotations

Branches:
Dungeon (3/15)

Altars:


Innate Abilities, Weirdness & Mutations

You are immune to poison.
You have sharp fingernails.
Your flesh is cold resistant. (rC+)
You are immune to negative energy. (rN+++)
You do not regenerate when monsters are visible.
You are immune to unholy pain and torment.
You thrive by killing the living.


Message History

The orc wizard is moderately wounded.
The orc wizard closely misses you.
You scratch the orc wizard.
The orc wizard is severely wounded.
An orc wizard comes into view. It is wielding a +0 dagger.
The orc wizard mumbles some strange words.
The orc wizard flickers and vanishes!
Deactivating autopickup; reactivate with Ctrl-A.
The orc wizard shouts!
You closely miss something.
The orc shoots an arrow.
The arrow closely misses you. Something hits you.
You scratch something.
The orc shoots an arrow.
The arrow hits you.
You hear some strange, mumbled words.
A puff of flame appears from out of thin air!
The puff of flame misses you.
You scratch something.
You feel better.
Reactivating autopickup.
You feel a bit more experienced.
The orc shoots an arrow.
The arrow hits you.
You have reached level 5!
You feel stronger.
You barely miss the orc wizard.
The orc wizard hits you with a +0 dagger.
You scratch the orc wizard.
The orc wizard is lightly wounded.
The orc wizard hits you with a +0 dagger.
You claw the orc wizard! Your claw misses the orc wizard.
The orc wizard is heavily wounded.
The orc wizard points at you and mumbles some strange words.
The puff of flame hits you!
* * * LOW HITPOINT WARNING * * *
You scratch the orc wizard.
The orc wizard is almost dead.
The orc wizard hits you with a +0 dagger.
* * * LOW HITPOINT WARNING * * *
You scratch the orc wizard.
You kill the orc wizard!
The orc shoots an arrow.
The arrow closely misses you.
It was a potion of haste.
You feel yourself speed up.
The orc shoots an arrow.
The arrow hits you.
You die...

#>..# .# . ##...###
.# .# .......# .# ..
.. .......#####.##.#
.# ............... ..
##.....(.###.# .#
#<..........# .#
...####..##########.#
...............)@)o.#
#..###....########..#
#..##.......# #..#
#..##.......# ##o.#
#..##.......# #...#
#.....>...#### #..##
#..#.........####)†#
.......#.###......o#
#..#.###.# #.####.##


You could see an orc.

Vanquished Creatures
  Ijyb (D:3)
  2 orc wizards (D:3)
  An adder (D:2)
  5 dart slugs
  2 orcs (D:3)
  3 bats (D:1)
  4 endoplasms
  3 giant cockroaches
  6 goblins
  6 hobgoblins
  4 kobolds (D:1)
  2 quokkas (D:1)
  3 ball pythons
  5 frilled lizards
  2 rats
49 creatures vanquished.

Notes
Turn   | Place    | Note
-------+----------+-------------------------------------------
     0 | D:1      | SnakkuSnakku7 the Ghoul Summoner began the quest for the
                  | Orb.
     0 | D:1      | Reached XP level 1. HP: 14/14 MP: 3/3
    57 | D:1      | Reached skill level 1 in Fighting
    57 | D:1      | Reached skill level 1 in Unarmed Combat
    64 | D:1      | Reached XP level 2. HP: 3/23 MP: 4/4
   363 | D:1      | Reached XP level 3. HP: 29/29 MP: 5/5
   732 | D:2      | Found a faded altar of an unknown god.
   871 | D:2      | Reached XP level 4. HP: 37/37 MP: 6/6
  1281 | D:3      | Noticed Ijyb
  1296 | D:3      | Killed Ijyb
  1363 | D:3      | Reached XP level 5. HP: 23/45 MP: 7/7
  1366 | D:3      | HP: 1/45 [orc wizard/+0 dagger (4)]
  1368 | D:3      | Shot with an arrow by an orc

Illustrated notes

Levels and vault maps discovered:
D:1:      dpeg_arrival_long_road, layout_rooms, minmay_misc_feat_four_crosses
D:2:      layout_basic, chequers_ecumenical_altar_simple_redux
D:3:      layout_loops_ring, serial_bayou_pond_e, minmay_joined_circles,
          uniq_ijyb, uniq_terence, uniq_sigmund, uniq_natasha

Skill      XL: |  1  2  3  4 |
---------------+-------------+-----
Fighting       | 1 2 3 |  3.6
Unarmed Combat | 1 2 3 |  3.6
Dodging        | |  1.7
Stealth        | |  2.1
Spellcasting   | |  1.7
Summonings     | |  3.6

Action                     |  1- 3 |  4- 6 || total
---------------------------+-------+-------++-------
  Melee: Unarmed           |   128 |    51 ||   179
         Punch             |     2 |     2 ||     4
    Use: Scroll            |       |     1 ||     1
         Potion            |       |     1 ||     1
   Stab: Sleeping          |     3 |     2 ||     5
         Distracted        |     1 |       ||     1
 Armour: Robe              |    55 |    23 ||    78
  Dodge: Dodged            |    86 |    22 ||   108
